 Dungeon Crawl Stone Soup version 0.26.0-10-g1f06aea511 (webtiles) character file.

Game seed: 16746164939825931230

763 Aviak the Ducker (level 8, -1/57 HPs)
             Began as a Formicid Conjurer on Jan 21, 2021.
             Was an Initiate of Yredelemnul.
             Slain by a killer bee (8 damage)
             ... on level 5 of the Dungeon.
             The game lasted 00:05:09 (5657 turns).

Aviak the Ducker (Formicid Conjurer)                Turns: 5657, Time: 00:05:10

Health: -1/57      AC:  3    Str: 14    XL:     8   Next: 8%
Magic:  2/11       EV: 15    Int: 18    God:    Yredelemnul [......]
Gold:   142        SH:  0    Dex:  9    Spells: 8/11 levels left

rFire    . . .     SeeInvis +   b - +0 short sword
rCold    . . .     Faith    .   (no shield)
rNeg     . . .     Spirit   .   t - +0 robe (curse)
rPois    .         Reflect  .   (helmet unavailable)
rElec    .         Harm     .   (no cloak)
rCorr    .         Rampage  .   g - +0 pair of gloves
Will     .....                  (no boots)
Stlth    ++........             (no amulet)
HPRegen  0.19/turn              (no ring)
MPRegen  0.12/turn              (no ring)

@: mighty, lethally poisoned (-1 -> -13)
A: permanent stasis, dig shafts and tunnels, four strong arms, antennae 3
a: Dig, Shaft Self, Renounce Religion


You were on level 5 of the Dungeon.
You worshipped Yredelemnul.
Yredelemnul was noncommittal.
You visited 2 branches of the dungeon, and saw 6 of its levels.

You collected 142 gold pieces.

Inventory:

Hand Weapons
 b - a +0 short sword (weapon)
Armour
 a - a +0 robe
 g - a +0 pair of gloves (worn)
 n - a +0 leather armour
 t - a cursed +0 robe (worn)
Jewellery
 d - an uncursed ring of resist corrosion {unknown}
 i - a cursed ring of willpower {unknown}
 p - an uncursed amulet of faith {unknown}
Wands
 j - a wand of paralysis (2)
 s - a wand of random effects (14)
Scrolls
 e - a scroll of teleportation {unknown}
 k - a scroll of fog {unknown}
 m - 3 scrolls of identify {unknown}
 o - a scroll of enchant weapon {unknown}
Potions
 h - a potion of degeneration {unknown}
 l - a potion of flight {unknown}
 q - a potion of attraction {unknown}
 r - a potion of mutation {unknown}
 u - a potion of lignification {unknown}


   Skills:
 + Level 2.6 Fighting
 - Level 7.0 Dodging
 - Level 2.4 Stealth
 - Level 2.1 Spellcasting
 - Level 3.6 Conjurations
 + Level 2.9 Invocations


You had 8 spell levels left.
You knew the following spells:

 Your Spells              Type           Power        Failure   Level
a - Magic Dart            Conj           56%          4%          1
b - Searing Ray           Conj           28%          6%          2

Your spell library contained the following spells:

 Spells                   Type           Power        Failure   Level
 Dazzling Flash           Conj/Hex       16%          26%         3
 Fulminant Prism          Conj/Hex       4%           63%         4
 Iskenderun's Mystic Bla  Conj/Tloc      8%           63%         4


Dungeon Overview and Level Annotations

Branches:
Dungeon (5/15)             Temple (1/1) D:4

Altars:
Cheibriados
Dithmenos
Elyvilon
Fedhas
Gozag
Kikubaaqudgha
Nemelex Xobeh
Qazlal
Sif Muna
Vehumet
Wu Jian
Yredelemnul
Zin
The Shining One

Shops:
D:5 *


Innate Abilities, Weirdness & Mutations

You cannot be hasted, slowed, berserked, paralysed or teleported.
You can dig through walls and to a lower floor.
Your four strong arms can wield two-handed weapons with a shield.
You have a pair of large antennae on your head. (SInv)


Message History

The killer bee misses you. The killer bee closely misses you.
You miss the killer bee.
The killer bee is moderately wounded.
You feel sick. The killer bee stings you!
You are more poisoned.
The killer bee poisons you! The killer bee stings you.
* * * LOW HITPOINT WARNING * * *
It was a potion of haste.
Your stasis prevents you from being hasted.
You feel sick. The killer bee closely misses you. The killer bee stings you!
* * * LOW HITPOINT WARNING * * *
You are more poisoned.
The killer bee poisons you!
Unknown command.
It was a potion of might.
You feel very mighty all of a sudden.
* * * LOW HITPOINT WARNING * * *
You feel sick. The killer bee misses you. The killer bee stings you!
You die...
Your body rises from the dead as a mindless zombie.

#.....#....#
##..#..###..#
#...#...# .##
##..#..##. . .
#...##.... #..
#.##.#...> ....
###.........
.....###.....#......
#......@.....#.....
#....#.#y#.........
###.###..##........
..................
........†∩...$.... #
...?.............. #
.#................
#...............# {
###............yy
#..


You could see a killer bee.

Vanquished Creatures
  Sigmund (D:2)
  A wyvern (D:5)
  A big kobold (D:3)
  A scorpion (D:4)
  A killer bee (D:4)
  A hound (D:4)
  A bullfrog skeleton (D:4)
  An iguana (D:4)
  An orc wizard (D:4)
  10 adders
  An ooze (D:2)
  An adder skeleton (D:4)
  3 worms
  2 dart slugs
  2 leopard geckos
  7 orcs
  A ball python (D:3)
  4 bats
  2 giant cockroaches
  7 goblins
  14 hobgoblins
  3 jackals (D:1)
  14 kobolds
  A quokka (D:4)
  2 frilled lizards (D:1)
  11 rats
94 creatures vanquished.

Notes
Turn   | Place    | Note
-------+----------+-------------------------------------------
     0 | D:1      | Aviak the Formicid Conjurer began the quest for the Orb.
     0 | D:1      | Reached XP level 1. HP: 13/13 MP: 3/3
   163 | D:1      | Reached skill level 2 in Dodging
   255 | D:1      | Reached XP level 2. HP: 19/19 MP: 0/5
  1098 | D:2      | Reached skill level 3 in Dodging
  1098 | D:2      | Reached XP level 3. HP: 17/24 MP: 0/6
  1547 | D:2      | Reached XP level 4. HP: 13/30 MP: 1/7
  1712 | D:2      | Learned a level 2 spell: Searing Ray
  1945 | D:2      | Reached skill level 4 in Dodging
  2360 | D:2      | Noticed Sigmund
  2369 | D:2      | Killed Sigmund
  2370 | D:2      | Reached skill level 5 in Dodging
  2370 | D:2      | Reached XP level 5. HP: 21/35 MP: 2/8
  2370 | D:2      | Reached XP level 6. HP: 25/41 MP: 2/9
  3471 | D:3      | Reached skill level 6 in Dodging
  3915 | D:3      | Found a shimmering blue altar of Sif Muna.
  4048 | D:4      | Reached XP level 7. HP: 15/46 MP: 0/10
  4444 | D:4      | Reached skill level 7 in Dodging
  4543 | D:4      | Found a blossoming altar of Fedhas.
  4572 | D:4      | Found a sparkling altar of Nemelex Xobeh.
  4775 | D:4      | Found a staircase to the Ecumenical Temple.
  4920 | Temple   | Entered the Ecumenical Temple
  4967 | Temple   | Became a worshipper of Yredelemnul the Dark
  5265 | D:4      | Found a glowing silver altar of Zin.
  5468 | D:5      | Entered Level 5 of the Dungeon
  5479 | D:4      | Reached skill level 1 in Fighting
  5479 | D:4      | Reached skill level 1 in Invocations
  5636 | D:5      | Found Delaipua's Assorted Antiques.
  5639 | D:5      | Noticed a wyvern
  5645 | D:5      | Killed a wyvern
  5646 | D:5      | Reached XP level 8. HP: 41/57 MP: 5/11
  5657 | D:5      | Slain by a killer bee

Illustrated notes

Levels and vault maps discovered:
D:1:      heliophobic_arrival_enchanted_forest, layout_basic
D:2:      layout_basic, corexii_shack, uniq_sigmund
D:3:      layout_loops_corners, lemuel_blue_sif_altar
D:4:      corexii_shack_village, layout_loops_ring, kennysheep_mini,
          kennysheep_little_box, nemelex_xobeh_ov_fountains_minmay,
          minmay_temple_entry_enclosed_plants
D:5:      layout_cave_pools, kennysheep_okawaru_gauntlet, serial_shops, shop,
          dk_vineyard_2
Temple:   eino_wide_crystal_templ

Skill      XL: |  1  2  3  4  5  6  7 |
---------------+----------------------+-----
Dodging        | 2 3 5 6 7 |  7.0
Fighting       | 2 |  2.6
Invocations    | 2 |  2.9
Stealth        | |  2.4
Spellcasting   | |  2.1
Conjurations   | |  3.6

Action                   |  1- 3 |  4- 6 |  7- 9 || total
-------------------------+-------+-------+-------++-------
Melee: Short sword       |    52 |   106 |    45 ||   203
 Cast: Magic Dart        |    49 |    16 |     2 ||    67
       Searing Ray       |       |    13 |    15 ||    28
  Use: Potion            |       |       |     3 ||     3
 Stab: Sleeping          |       |     2 |     1 ||     3
Armor: Robe              |    21 |    27 |     3 ||    51
       Leather armour    |       |     4 |    10 ||    14
Dodge: Dodged            |    69 |   110 |    70 ||   249
